 Dungeon Crawl Stone Soup version 0.28.0-1-gb440e238dd (webtiles) character file.

Game seed: 7326947600246099875

130 Destapler the Skirmisher (level 4, -2/37 HPs)
             Began as a Demonspawn Fighter on Feb 26, 2022.
             Slain by a scorpion (8 damage)
             ... on level 3 of the Dungeon.
             The game lasted 00:05:07 (2791 turns).

Destapler the Skirmisher (Demonspawn Fighter)       Turns: 2791, Time: 00:05:08

Health: -2/37      AC: 10    Str: 18    XL:     4   Next: 90%
Magic:  5/5        EV:  9    Int: 10    God:
Gold:   66         SH:  4    Dex: 12    Spells: 3/3 levels left

rFire   . . .      SeeInvis .   f - +2 morningstar (vorpal)
rCold   . . .      Faith    .   c - +0 buckler
rNeg    . . .      Spirit   .   b - +0 scale mail
rPois   .          Reflect  .   (helmet restricted)
rElec   .          Harm     .   (no cloak)
rCorr   .          Rampage  .   j - +0 pair of gloves
Will    .....                   (no boots)
Stlth   ..........              (no amulet)
HPRegen 0.12/turn               (no ring)
MPRegen 0.09/turn               (no ring)

@: lethally poisoned (-2 -> -9)
A: antennae 1, yellow scales 2
a: no special abilities


You were on level 3 of the Dungeon.
You visited 1 branch of the dungeon, and saw 4 of its levels.

You collected 66 gold pieces.

Inventory:

Hand Weapons
 a - a +0 war axe
 f - a +2 vorpal morningstar (weapon)
Armour
 b - a +0 scale mail (worn)
 c - a +0 buckler (worn)
 j - a +0 pair of gloves (worn)
Jewellery
 r - an amulet of guardian spirit
Wands
 k - a wand of paralysis (6) (quivered)
 o - a wand of charming (9)
Scrolls
 e - a scroll of noise {unknown}
 h - 2 scrolls of vulnerability {unknown}
 i - 2 scrolls of identify
 l - 2 scrolls of teleportation {unknown}
 n - a scroll of holy word
 p - a scroll of summoning {unknown}
Potions
 d - 2 potions of might
 g - a potion of attraction {unknown}
 q - a potion of flight {unknown}


   Skills:
 + Level 3.6 Fighting
 - Level 1.7(2.1) Axes
 + Level 1.6(2.1) Maces & Flails
 - Level 3.0 Armour
 + Level 3.3 Shields
 + Level 2.5 Invocations
 + Level 1.1 Evocations


You had 3 spell levels left.
You didn't know any spells.
Your spell library contained the following spells:

 Spells                   Type           Power      Damage    Failure   Level
 Call Canine Familiar     Summ           0%         N/A       99%         3
 Portal Projectile        Hex/Tloc       0%         N/A       99%         3
 Leda's Liquefaction      Hex/Erth       0%         N/A       100%        4


Dungeon Overview and Level Annotations

Branches:
Dungeon (4/15)
 Temple: D:4-7

Altars:

Annotations:
D:4 Blork the orc


Innate Abilities, Weirdness & Mutations

You have a pair of small antennae on your head.
You are mostly covered in yellow scales. (AC +3)


Message History

The magic dart hits you.
* * * LOW HITPOINT WARNING * * *
The scorpion stings you.
* * * LOW HITPOINT WARNING * * *
* * * LOW HITPOINT WARNING * * *
You feel sick.
* * * LOW HITPOINT WARNING * * *
You feel sick.
* * * LOW HITPOINT WARNING * * *
You feel sick.
Blork the orc casts a cantrip, but nothing happens.
* * * LOW HITPOINT WARNING * * *
You feel sick. The scorpion stings you.
* * * LOW HITPOINT WARNING * * *
It was a potion of heal wounds.
You feel much better.
You feel sick. The adder bites you but does no damage.
The scorpion stings you but does no damage.
The adder bites you but does no damage.
You feel sick.
The gnoll shouts!
You feel sick.
You are no longer poisoned.
You block the scorpion's attack. You block the gnoll's attack.
There is a stone staircase leading up here.
The gnoll hits you with a +0 spear.
* * * LOW HITPOINT WARNING * * *
The scorpion stings you but does no damage.
You climb upwards.
There is a stone staircase leading down here.
You block the gnoll's attack. You block the gnoll's attack.
The scorpion stings you.
* * * LOW HITPOINT WARNING * * *
You are lethally poisoned!
The scorpion poisons you! The gnoll barely misses you.
There is a stone staircase leading up, spattered with blood here.
* * * LOW HITPOINT WARNING * * *
You feel sick. The scorpion stings you!
You die...

.....##.# #..####.#
#.##....... #.##.##.##
#..####.# #.##.#.....
#....>...# #.......#
#.......... #........#
#...##### #......#)##
##..#..#.# #...#
####.###.## #<)###.#.#
#...# #.# #... #...#.##.#
#...# #.# ####
#........####...####### #.#
#. #.##..#.........@sg...#
##.#####.
..##........[..(...>..#
#|.#.....
####..#.(.............#
#.##.###.
#.########...####.####.##.#
#> #.# ##...## #.#.......#
## #.# #.....#
#.#.##.##.#### #.# #.....#
#.#[##.......# #
#.#######.....#
#.#.##.....#.# ##
#.............#
#..........#.#


You could see a scorpion and a gnoll.

Vanquished Creatures
  A gnoll (D:4)
  4 adders
  2 adder skeletons (D:4)
  A worm (D:2)
  2 dart slugs (D:2)
  6 orcs
  5 endoplasms
  2 giant cockroaches
  A hobgoblin (D:3)
  6 jackals
  5 kobolds
  4 quokkas
  6 ball pythons
  2 bats (D:2)
  7 frilled lizards
  7 goblins
  5 rats
66 creatures vanquished.

Notes
Turn   | Place    | Note
-------+----------+-------------------------------------------
     0 | D:1      | Destapler the Demonspawn Fighter began the quest for the
                  | Orb.
     0 | D:1      | Reached XP level 1. HP: 18/18 MP: 1/1
   334 | D:1      | Gained mutation: You have a pair of small antennae on your
                  | head. [demonic ancestry]
   334 | D:1      | Reached XP level 2. HP: 24/24 MP: 2/2
   489 | D:1      | Reached skill level 1 in Invocations
   787 | D:2      | Gained mutation: You are partially covered in yellow
                  | scales. (AC +2) [demonic ancestry]
   787 | D:2      | Reached XP level 3. HP: 29/29 MP: 2/4
   789 | D:2      | Reached skill level 1 in Maces & Flails
  1494 | D:2      | Gained mutation: You are mostly covered in yellow scales.
                  | (AC +3) [demonic ancestry]
  1494 | D:2      | Reached XP level 4. HP: 13/35 MP: 5/5
  2604 | D:4      | Reached skill level 1 in Evocations
  2608 | D:4      | Noticed Blork the orc
  2772 | D:4      | Noticed a scorpion
  2791 | D:3      | Slain by a scorpion

Illustrated notes

Levels and vault maps discovered:
D:1:      erik_arrival_cave_to_civilisation [erik_arrival_cave_to_hall],
          layout_loops_ring
D:2:      layout_rooms, minmay_misc_feat_iff
D:3:      layout_loops_cross
D:4:      layout_rooms, nicolae_overflow_hallway_of_the_gods, uniq_blork_the_orc

Skill      XL: |  1  2  3  4 |
---------------+-------------+-----
Invocations    | 1 2 |  2.5
Maces & Flails | 1 |  1.6
Armour         | 3 |  3.0
Shields        | 3 |  3.3
Evocations     | 1 |  1.1
Fighting       | |  3.6
Axes           | |  1.7

Action                   |  1- 3 |  4- 6 || total
-------------------------+-------+-------++-------
Melee: Morningstar       |    98 |    58 ||   156
  Use: Scroll            |       |     1 ||     1
       Potion            |       |     1 ||     1
Armor: Scale mail        |    60 |    29 ||    89
Dodge: Dodged            |    65 |    43 ||   108
Block: Buckler           |    32 |    17 ||    49
